cohdb
Replays
Latest Replays
All Replays
Popular Replays
Top Player Replays
Match Explorer
How It Works
Community
CoH3 Stats
Reddit
Sign in to upload your games and track your stats! →
Sign in with Steam
Match 41698065
Unlisted
Match 41698065
Overview
Messages
Build Orders
End
Scout Squad
Construct Weapon Support Center
Selects Heavy Weapons
M1919 Machine Gun Team
M1919 Machine Gun Team
Bazooka Squad
Infantry Support Center
Engineer Squad
Selects M2HB .50cal Heavy Machine Gun
M3 Armored Personnel Carrier
Selects Assault Carriers
Bazooka Squad
AstonHodge Butt Butt
Sirene
Izrael Izraelevič Pliner
GEORGE LITTLEHOOF
0
0
Comments
sign in to comment!
No comments posted yet!